[Event "Late-Titled-Tuesday-Blitz-April-30-2024"]
[Site "Chess.com"]
[Date "2024.04.30"]
[Round "5"]
[White "SandwichOSaumon"]
[Black "lluiss"]
[Result "0-1"]
[WhiteElo "2382"]
[BlackElo "2231"]
[TimeControl "180+1"]
[EndTime "14:54:20 PDT"]
[Termination "lluiss won by resignation"]

1. e4 c5 2. Nf3 d6 3. Bb5+ Bd7 4.
Bxd7+ Nxd7 5. O-O Ngf6 6. Re1 e6 7. c3 Be7 8. d4 cxd4 9. cxd4 d5 10. e5 Ne4 11. Nc3 Nxc3 12. bxc3 O-O 13. Qd3 Rc8 14. g3 Qa5 15. Bd2 Nb6 16. h4 Nc4 17. Bg5 Ba3 18.
h5 Nb2 19. Qe3 Qxc3 20. Qf4 Nd3 21. Qg4 Nxe1 22. Bh6 Nxf3+ 23. Kg2 g6 24. Qf4 f5 25. exf6 Qxd4 26. Bxf8 Qxf4 27. gxf4 Kxf8 28. Kxf3 Kf7 29. Rb1 b6 30. hxg6+ hxg6 31. Rh1 Kxf6 32. Rh7 a5 0-1

[Event "Late-Titled-Tuesday-Blitz-April-30-2024"]
[Site "Chess.com"]
[Date "2024.04.30"]
[Round "5"]
[White "maracayo"]
[Black "protectiago"]
[Result "1-0"]
[WhiteElo "2364"]
[BlackElo "2049"]
[TimeControl "180+1"]
[EndTime "14:54:21 PDT"]
[Termination "maracayo won by resignation"]

1. e4 e5 2. Nf3 Nc6 3. Bb5 a6 4. Ba4 Nf6 5. d3 b5 6. Bb3 Be7 7. O-O O-O 8. a3 h6 9. Re1 d6 10. h3 Bb7 11. Nbd2 Re8 12. Nf1 Bf8 13. Ne3 Na5 14. Ba2 c5 15. Nh2 Nc6 16. Nhg4 Nxg4 17. hxg4 Nd4 18. Nf5 Nxf5 19. gxf5 Qh4 20. Re3 d5 21.
Rh3 Qf6 22. Qg4 c4 23. Bxh6 g6 24. Bg5 gxf5 25. Bxf6+ 1-0

[Event "Late-Titled-Tuesday-Blitz-April-30-2024"]
[Site "Chess.com"]
[Date "2024.04.30"]
[Round "5"]
[White "2346PL"]
[Black "Evan_Attaker"]
[Result "0-1"]
[WhiteElo "2476"]
[BlackElo "2635"]
[TimeControl "180+1"]
[EndTime "14:54:23 PDT"]
[Termination "Evan_Attaker won by resignation"]

1. Nf3 c5 2. g3 b6 3. Bg2 Bb7 4. O-O Nf6 5. b3 e6 6. Bb2 Be7 7. c4 d6 8. d4 cxd4 9. Qxd4 Qc7 10. Nc3 a6 11. e4 Nbd7 12. h3 O-O 13. g4 Rac8 14. g5 Nh5 15. Ne2 Nc5 16. Ng3 e5 17. Qe3 Nxg3 18. fxg3 Nxe4 19. Rad1 Nxg3 20. Nh4 Nxf1 21.
Kxf1 Bxg2+ 22. Kxg2 g6 23. Nf3 Rfe8 24. h4 b5 25. Nd2 bxc4 26. bxc4 Qb7+ 27. Kg1 Qxb2 0-1

[Event "Late-Titled-Tuesday-Blitz-April-30-2024"]
[Site "Chess.com"]
[Date "2024.04.30"]
[Round "5"]
[White "IngOscarArdila"]
[Black "SVijayalakshmi"]
[Result "0-1"]
[WhiteElo "2326"]
[BlackElo "2558"]
[TimeControl "180+1"]
[EndTime "14:54:26 PDT"]
[Termination "SVijayalakshmi won by resignation"]

1. d4 Nf6 2. Nf3 e6 3. c4 b6 4. e3 Bb7 5. Be2 Be7 6. O-O O-O 7. Nc3 d5 8. b3 c5 9. Ba3 Nbd7 10. Qc2 Rc8 11.
Rac1 dxc4 12. bxc4 cxd4 13. Bxe7 Qxe7 14. exd4 Rfd8 15.
Rfd1 Nf8 16. Qb3 Ng6 17. d5 exd5 18. cxd5 Rxc3 19. Qxc3 Qxe2 20. Nd4 Qa6 21. Nc6 Rxd5 22. Nb4 Rxd1+ 23. Rxd1 Qe2 24. Rd8+ Nf8 25. Qd2 Qe4 26. f3 Qb1+ 27. Kf2 Qf5 28. Qd6 Ne4+ 29. Kg1 Nxd6 30. Rxd6 Qc5+ 0-1

[Event "Late-Titled-Tuesday-Blitz-April-30-2024"]
[Site "Chess.com"]
[Date "2024.04.30"]
[Round "5"]
[White "alexrustemov"]
[Black "HalfIsCrayfish"]
[Result "1-0"]
[WhiteElo "2891"]
[BlackElo "2588"]
[TimeControl "180+1"]
[EndTime "14:54:28 PDT"]
[Termination "alexrustemov won by resignation"]

1. d4 Nf6 2. c4 g6 3. Nf3 d5 4.
cxd5 Nxd5 5. e4 Nb6 6. Nc3 Bg7 7. h3 O-O 8. Be3 h6 9. Qd2 Kh7 10. Be2 f5 11. O-O g5 12. exf5 Bxf5 13. d5 N8d7 14.
Rad1 Nf6 15. Bd3 Qc8 16. Nd4 Bxd3 17. Qxd3+ Kg8 18. Ne6 Rf7 19. Qg6 Nbxd5 20. Nxd5 Qxe6 21. Nxc7 Qc8 22. Nxa8 Qxa8 23. Rd3 Rf8 24. Rfd1 Qc8 25.
Bd4 Rd8 26. Bxf6 1-0

[Event "Late-Titled-Tuesday-Blitz-April-30-2024"]
[Site "Chess.com"]
[Date "2024.04.30"]
[Round "5"]
[White "Supelyel"]
[Black "Fradi82"]
[Result "1-0"]
[WhiteElo "2392"]
[BlackElo "2196"]
[TimeControl "180+1"]
[EndTime "14:54:29 PDT"]
[Termination "Supelyel won by checkmate"]

1. c4 e5 2. Nc3 d6 3. g3 f5 4.
Bg2 Nf6 5. d3 Be6 6. Bg5 c6 7.
Nf3 Be7 8. Bxf6 Bxf6 9. O-O O-O 10. Qc2 Qe8 11. Rab1 Qh5 12. b4 f4 13. b5 Bh3 14.
bxc6 Nxc6 15. Rxb7 Bxg2 16. Kxg2 fxg3 17. fxg3 Ne7 18. Ne4 Nf5 19. Qd2 Bd8 20. Kh1 Bb6 21. Qg5 Qxg5 22. Nfxg5 Ne3 23. Rf3 h6 24. Ne6 Rxf3 25.
exf3 g5 26. Nf6+ Kh8 27. Rh7# 1-0

[Event "Late-Titled-Tuesday-Blitz-April-30-2024"]
[Site "Chess.com"]
[Date "2024.04.30"]
[Round "5"]
[White "komogro"]
[Black "NovakRatko"]
[Result "0-1"]
[WhiteElo "2552"]
[BlackElo "2401"]
[TimeControl "180+1"]
[EndTime "14:54:30 PDT"]
[Termination "NovakRatko won by resignation"]

1. e4 d5 2. exd5 c6 3. Nc3 cxd5 4. Nf3 Nc6 5. Bb5 f6 6. d4 Bg4 7. h3 Bh5 8. O-O a6 9. Be2 e6 10. Bf4 Bd6 11. Bxd6 Qxd6 12. Re1 Nge7 13. Nb1 O-O 14. Nbd2 Bf7 15. Nf1 Ng6 16. Ng3 Nf4 17. Bf1 Rfe8 18.
c3 h6 19. Qd2 e5 20. dxe5 fxe5 21. Ne4 Qg6 22. Ng3 Qf6 23. Kh2 Rad8 24. Rad1 e4 25. Nd4 Ne5 26. Qe3 Qh4 27. Kg1 g6 28. Nge2 Nfd3 29.
g3 Qf6 30. Nf4 Nxe1 31. Rxe1 g5 32. Nfe2 Nf3+ 33. Kh1 Nxe1 0-1

[Event "Late-Titled-Tuesday-Blitz-April-30-2024"]
[Site "Chess.com"]
[Date "2024.04.30"]
[Round "5"]
[White "xberli"]
[Black "UK_23"]
[Result "1-0"]
[WhiteElo "2628"]
[BlackElo "2467"]
[TimeControl "180+1"]
[EndTime "14:54:33 PDT"]
[Termination "xberli won by resignation"]

1. d4 Nf6 2. c4 c5 3. d5 e6 4. Nc3 exd5 5. cxd5 d6 6. e4 g6 7. f4 Bg7 8. e5 Nfd7 9. Nb5 dxe5 10.
Nd6+ Ke7 11. Nxc8+ Qxc8 12. Bc4 Rd8 13. d6+ Kf8 14.
Qd5 Kg8 15. Nf3 Nc6 16. Ng5 Rf8 17. Nxf7 Rxf7 18. Qxf7+ Kh8 19. Be6 exf4 20. Bxd7 Qe8+ 1-0

[Event "Late-Titled-Tuesday-Blitz-April-30-2024"]
[Site "Chess.com"]
[Date "2024.04.30"]
[Round "5"]
[White "GalaxyRoman"]
[Black "Levanzovsky"]
[Result "1-0"]
[WhiteElo "2759"]
[BlackElo "2507"]
[TimeControl "180+1"]
[EndTime "14:54:34 PDT"]
[Termination "GalaxyRoman won by resignation"]

1. e4 c5 2. Nc3 g6 3. f4 Bg7 4.
Nf3 Nc6 5. Bb5 Nd4 6. O-O Nxb5 7. Nxb5 d5 8. e5 a6 9. Nc3 d4 10. Ne4 b6 11. c3 Bb7 12. d3 Nh6 13. cxd4 cxd4 14.
Qa4+ b5 15. Qxd4 Nf5 16. Qf2 O-O 17. Nc5 Bc6 18. Bd2 Qd5 19. b4 Rfd8 20. Rac1 Qxa2 21. Bc3 Qxf2+ 22. Kxf2 e6 23. Ne4 Rxd3 24. Nc5 Rdd8 25. g4 Ne7 26. Nd4 Bd5 27. Ra1 Nc6 28. Nc2 a5 29. bxa5 Bf8 30. Nb7 Rdb8 31. Nd6 b4 32. Bd2 b3 33. Ne3 Be4 34. Nxe4 1-0

[Event "Late-Titled-Tuesday-Blitz-April-30-2024"]
[Site "Chess.com"]
[Date "2024.04.30"]
[Round "5"]
[White "guillembaches"]
[Black "TheoSlade"]
[Result "1/2-1/2"]
[WhiteElo "2575"]
[BlackElo "2426"]
[TimeControl "180+1"]
[EndTime "14:54:49 PDT"]
[Termination "Game drawn by repetition"]

1. e4 e5 2. Nf3 Nc6 3. Nc3 Nf6 4. d4 exd4 5. Nxd4 Bb4 6. Nxc6 bxc6 7. Bd3 d5 8. Bd2 O-O 9. O-O Bxc3 10. Bxc3 Nxe4 11.
Bxe4 dxe4 12. Qh5 Qd5 13. Qh4 Bf5 14. Qg3 Bg6 15. Qxc7 a6 16. Rad1 Qe6 17. a3 Rac8 18.
Qf4 Rfd8 19. h3 Rd5 20. Rde1 Rcd8 21. Qg3 Qd6 22. Qe3 f5 23. g3 Qd7 24. h4 Bh5 25. Kh2 Bf3 26. Qf4 Qd6 27. Qg5 Qd7 28. Qf4 Qd6 29.
Qg5 Qd7 30. Qf4 1/2-1/2

[Event "Late-Titled-Tuesday-Blitz-April-30-2024"]
[Site "Chess.com"]
[Date "2024.04.30"]
[Round "5"]
[White "shirovin"]
[Black "ploxoi"]
[Result "1-0"]
[WhiteElo "2084"]
[BlackElo "2351"]
[TimeControl "180+1"]
[EndTime "14:55:02 PDT"]
[Termination "shirovin won by resignation"]

1. e4 c6 2. d4 d5 3. exd5 cxd5 4. Bd3 Nc6 5. c3 Qc7 6. Ne2 Nf6 7. Bf4 Qb6 8. Qb3 Qxb3 9. axb3 a6 10. O-O e6 11. b4 Be7 12. b5 Nd8 13. Nd2 O-O 14.
Nf3 a5 15. b3 b6 16. Bc7 Nd7 17. Ne5 Nb7 18. Nxd7 Bxd7 19. Bxb6 Nd6 20. Bc5 Rfc8 21. b6 Bc6 22. b4 axb4 23. cxb4 Kf8 24. Ra7 Rxa7 25. bxa7 Nb5 26. Ra1 Ra8 27. Bxb5 Bxb5 28. Nc3 Bc6 29. b5 Bb7 30. b6 Bc6 31. Rb1 Bb7 32. Nb5 1-0

[Event "Late-Titled-Tuesday-Blitz-April-30-2024"]
[Site "Chess.com"]
[Date "2024.04.30"]
[Round "5"]
[White "dropstoneDP"]
[Black "MatthewG-p4p"]
[Result "1/2-1/2"]
[WhiteElo "2997"]
[BlackElo "2863"]
[TimeControl "180+1"]
[EndTime "14:55:05 PDT"]
[Termination "Game drawn by agreement"]

1. e4 c5 2. Nf3 g6 3. Bc4 Bg7 4. c3 e6 5. d4 cxd4 6. Nxd4 d5 7. exd5 exd5 8. Bb5+ Bd7 9. Bxd7+ Qxd7 10. O-O Ne7 11.
Na3 O-O 12. Nac2 Nbc6 13. Be3 Nf5 14. Nxf5 Qxf5 15. Bd4 Nxd4 16. Nxd4 Bxd4 17. Qxd4 Qc2 18.
Rab1 Rfd8 19. Rfc1 Qe2 20. Re1 Qc4 21. Qxc4 dxc4 22.
Rbd1 Kf8 23. Kf1 Rxd1 24. Rxd1 Ke7 25. Rd4 Rc8 26. Ke2 Rc6 27. Kd2 Rb6 28. Kc2 Rf6 29. f3 Re6 30. Kd2 Rb6 31. Kc2 Rc6 32. b3 cxb3+ 33. axb3 Ra6 1/2-1/2

[Event "Late-Titled-Tuesday-Blitz-April-30-2024"]
[Site "Chess.com"]
[Date "2024.04.30"]
[Round "5"]
[White "GolfBeforeChess"]
[Black "ATM622"]
[Result "0-1"]
[WhiteElo "2314"]
[BlackElo "2522"]
[TimeControl "180+1"]
[EndTime "14:55:06 PDT"]
[Termination "ATM622 won by resignation"]

1. Nf3 d5 2. b3 c5 3. e3 Nc6 4. Bb2 Nf6 5. Bb5 Bd7 6. Bxc6 Bxc6 7. Ne5 Qc7 8. d3 e6 9. Nd2 Bd6 10. f4 O-O-O 11. O-O h5 12. a3 Kb8 13. Ndf3 Ng4 14. Qe1 d4 15. exd4 cxd4 16. Bxd4 Bxf3 17. gxf3 Nxe5 18.
fxe5 Bc5 19. Bxc5 Qxc5+ 20. Qf2 Qxe5 21. Rae1 Qc3 22. Re4 Rc8 23. Rc4 Rxc4 24. dxc4 h4 25. Rd1 h3 26. Qg3+ Kc8 27. Qd6 Qe3+ 28. Kf1 Qxf3+ 29.
Ke1 Qe4+ 30. Kf1 a6 31. Qd7+ Kb8 32. Qxf7 Qh1+ 33. Ke2 Qxh2+ 34. Ke3 Qe5+ 35. Kf2 h2 0-1

[Event "Late-Titled-Tuesday-Blitz-April-30-2024"]
[Site "Chess.com"]
[Date "2024.04.30"]
[Round "5"]
[White "jefferyx"]
[Black "DrVelja"]
[Result "1-0"]
[WhiteElo "3104"]
[BlackElo "2967"]
[TimeControl "180+1"]
[EndTime "14:55:13 PDT"]
[Termination "jefferyx won by resignation"]

1. Nf3 Nf6 2. c4 c6 3. d4 d5 4. cxd5 cxd5 5. Nc3 Nc6 6. Bf4 Bf5 7. Qb3 Na5 8. Qa4+ Bd7 9. Qc2 e6 10. e3 Rc8 11. Bd3 Bb4 12. O-O Nh5 13. Be5 f6 14.
Bg3 Nxg3 15. hxg3 Nc4 16. Rfc1 Nd6 17. Bxh7 f5 18. Bg6+ Ke7 19. Qb3 Bxc3 20. Rxc3 Kf6 21. Ne5 Rh6 22. Qb4 Rxc3 23. Qxd6 Rc6 24. Nxd7+ Kxg6 25.
Ne5+ 1-0

[Event "Late-Titled-Tuesday-Blitz-April-30-2024"]
[Site "Chess.com"]
[Date "2024.04.30"]
[Round "5"]
[White "ImportedItalianMaple"]
[Black "karinachess1"]
[Result "1-0"]
[WhiteElo "2453"]
[BlackElo "2594"]
[TimeControl "180+1"]
[EndTime "14:55:19 PDT"]
[Termination "ImportedItalianMaple won by resignation"]

1. e4 e5 2. Nc3 Nf6 3. Bc4 Be7 4. d3 O-O 5. f4 exf4 6. Bxf4 c6 7.
Qd2 d5 8. exd5 cxd5 9. Bb3 Bb4 10.
d4 Re8+ 11. Nge2 Ne4 12. Qd3 Bf5 13. Qf3 Nxc3 14. bxc3 Qh4+ 15. Bg3 Qg5 16. O-O Bf8 17. Qxf5 Qxf5 18. Rxf5 Rxe2 19. Bxd5 Nc6 20. Rxf7 Kh8 21.
Raf1 Ba3 22. Rxb7 Rc8 23. Bxc6 Rxc6 24. Rb8+ 1-0

[Event "Late-Titled-Tuesday-Blitz-April-30-2024"]
[Site "Chess.com"]
[Date "2024.04.30"]
[Round "5"]
[White "Umumba_FM"]
[Black "Hrant_ChessMood"]
[Result "0-1"]
[WhiteElo "2699"]
[BlackElo "2943"]
[TimeControl "180+1"]
[EndTime "14:55:20 PDT"]
[Termination "Hrant_ChessMood won by resignation"]

1. Nc3 d5 2. e4 dxe4 3. Nxe4 Bf5 4. Ng3 Bg6 5. Nf3 e6 6. h4 h6 7. Ne5 Ne7 8. Nxg6 Nxg6 9. d4 c6 10. h5 Ne7 11. c3 Nd7 12. Ne4 Nd5 13. Qf3 N7f6 14.
Nxf6+ Qxf6 15. Qxf6 Nxf6 16. Bf4 Kd7 17. Be2 Bd6 18. Bxd6 Kxd6 19. O-O-O a5 20. Bf3 a4 21. a3 Ra5 22. g4 Rd8 23. Kd2 Ke7 24. Ke3 Rb5 25. Rd2 Rg5 26. Kf4 e5+ 27. Kg3 exd4 28.
Re1+ Kf8 29. Rxd4 Rxd4 30. cxd4 Nxh5+ 31. Kh4 Nf6 32. Bd1 Rd5 33. Bxa4 Rxd4 34. Bd1 Rd2 35. b4 Rxf2 36. b5 cxb5 37. Be2 Rf4 38. Kg3 Re4 39. Kf3 b4 40. axb4 Rxb4 41. Kg3 Re4 42. Kf3 Rxg4 43. Bb5 Rb4 44. Bf1 g5 45. Rc1 h5 46. Rc7 Rf4+ 47.
Kg2 Nd5 48. Rxb7 Ne3+ 49. Kh2 Nxf1+ 50. Kh3 g4+ 51. Kh4 g3+ 52. Kh3 Rf2 53. Kh4 g2 0-1

[Event "Late-Titled-Tuesday-Blitz-April-30-2024"]
[Site "Chess.com"]
[Date "2024.04.30"]
[Round "5"]
[White "yaguigor"]
[Black "laskakid"]
[Result "1-0"]
[WhiteElo "2562"]
[BlackElo "2389"]
[TimeControl "180+1"]
[EndTime "14:55:22 PDT"]
[Termination "yaguigor won by checkmate"]

1. d4 f5 2. c4 Nf6 3. Nc3 g6 4. h4 d6 5. h5 Bg7 6. hxg6 hxg6 7.
Rxh8+ Bxh8 8. Nf3 Be6 9. Ng5 Bg8 10. d5 Nbd7 11. Be3 Ne5 12. Qb3 Qc8 13. Bd4 Nfd7 14. O-O-O c5 15. Be3 Ng4 16. Ne6 Nde5 17. Nb5 Bxe6 18.
dxe6 a6 19. Rxd6 Nxe3 20. Qxe3 Nxc4 21. Qh6 Bxb2+ 22. Kc2 exd6 23. Qxg6+ Kd8 24. Qg8+ Ke7 25.
Qf7+ Kd8 26. Qf8# 1-0

[Event "Late-Titled-Tuesday-Blitz-April-30-2024"]
[Site "Chess.com"]
[Date "2024.04.30"]
[Round "5"]
[White "Charodej1"]
[Black "JaackCamel"]
[Result "0-1"]
[WhiteElo "2410"]
[BlackElo "2273"]
[TimeControl "180+1"]
[EndTime "14:55:24 PDT"]
[Termination "JaackCamel won by resignation"]

1. Nf3 d5 2. g3 Nf6 3. Bg2 g6 4. c4 d4 5. b4 c5 6. a3 Bg7 7.
Bb2 O-O 8. O-O Nc6 9. d3 Re8 10.
e3 dxe3 11. fxe3 cxb4 12. axb4 Nxb4 13. Ne5 Bf5 14. Bxb7 Rb8 15. Bg2 Nxd3 16. Bd4 Nxe5 17. Bxe5 Qb6 18. Bd4 Qb3 19. Nd2 Qd3 20. Rxa7 e5 21.
Ba1 Qxe3+ 0-1

[Event "Late-Titled-Tuesday-Blitz-April-30-2024"]
[Site "Chess.com"]
[Date "2024.04.30"]
[Round "5"]
[White "Oleg_Papayan"]
[Black "XDPS"]
[Result "0-1"]
[WhiteElo "2648"]
[BlackElo "2831"]
[TimeControl "180+1"]
[EndTime "14:55:25 PDT"]
[Termination "XDPS won by resignation"]

1. e4 c5 2. d4 cxd4 3. Qxd4 Nc6 4. Qd3 g6 5. Nf3 Bg7 6. Nc3 d6 7. Be2 Nf6 8. O-O Bg4 9. Nd5 Bxf3 10. Bxf3 O-O 11.
Be2 Rc8 12. c3 Ne5 13. Qe3 Nxd5 14. exd5 Qa5 15. Rd1 Rfe8 16. a4 Nc4 17. Qe4 Qc7 18. h3 h5 19. Ra2 Ne5 20. Bf4 a6 21. a5 Nd7 22. Be3 Nc5 23. Qb4 Bf6 24. Bd4 Nd7 25. Be3 Kg7 26. f4 Nc5 27. g4 hxg4 28. hxg4 e5 29.
g5 Bd8 30. f5 gxf5 31. Kg2 f4 32. Rh1 Bxg5 33. Rh5 f6 34. Bxc5 Qxc5 35. Qd4 exd4 0-1

[Event "Late-Titled-Tuesday-Blitz-April-30-2024"]
[Site "Chess.com"]
[Date "2024.04.30"]
[Round "5"]
[White "teresin05"]
[Black "Laico"]
[Result "0-1"]
[WhiteElo "2260"]
[BlackElo "2427"]
[TimeControl "180+1"]
[EndTime "14:55:25 PDT"]
[Termination "Laico won by resignation"]

1. e4 e6 2. d4 d5 3. Nc3 Nf6 4. Bg5 Be7 5. e5 Nfd7 6. Bxe7 Qxe7 7. f4 O-O 8. Nf3 c5 9. Nb5 Nc6 10. Nd6 f6 11. Qd2 cxd4 12. Nxc8 Raxc8 13. exf6 Qxf6 14. g3 e5 15. Nxe5 Ndxe5 16. fxe5 Qxe5+ 17. Be2 d3 18. cxd3 Nd4 19. Rf1 Nc2+ 20. Kd1 Rxf1+ 21. Bxf1 Nxa1 22. d4 Qe4 23. Bg2 Qb1+ 24. Ke2 Rc2 25. Bxd5+ Kf8 0-1

[Event "Late-Titled-Tuesday-Blitz-April-30-2024"]
[Site "Chess.com"]
[Date "2024.04.30"]
[Round "5"]
[White "CarrotsandPizza"]
[Black "picturesquecheck"]
[Result "1-0"]
[WhiteElo "2596"]
[BlackElo "2419"]
[TimeControl "180+1"]
[EndTime "14:55:27 PDT"]
[Termination "CarrotsandPizza won by resignation"]

1. e4 c5 2. Nf3 d6 3. d4 cxd4 4. Nxd4 Nf6 5. Nc3 Nc6 6. Bc4 Qb6 7. Nxc6 bxc6 8. O-O e6 9. b3 Be7 10. Bb2 O-O 11.
Bd3 Rd8 12. Qe2 a5 13. Na4 Qc7 14. c4 Bb7 15. Rac1 c5 16. e5 Ne8 17. Rfd1 Qc6 18.
f3 dxe5 19. Bxe5 Nf6 20. Nc3 Rd7 21. Ne4 Rad8 22. Nxf6+ Bxf6 23. Bxf6 gxf6 24. Be4 Qc7 25. Rxd7 Rxd7 26. Bxb7 Qxb7 27. Rd1 Rxd1+ 28. Qxd1 Kg7 29. Qd6 Qb4 30. Qg3+ Kh8 31. Qf2 Kg8 32. h4 h6 33.
Qe3 Kg7 34. Kh2 Qa3 35. Qd2 f5 36. h5 Kh7 37. Kh3 Kg7 38. Qc3+ Kh7 39. Qf6 Kg8 40. Qxh6 Qxa2 41. Qg5+ Kh8 42. Qf6+ Kg8 43. h6 1-0

[Event "Late-Titled-Tuesday-Blitz-April-30-2024"]
[Site "Chess.com"]
[Date "2024.04.30"]
[Round "5"]
[White "OparinGrigoriy"]
[Black "attack2mateU"]
[Result "1-0"]
[WhiteElo "2984"]
[BlackElo "2706"]
[TimeControl "180+1"]
[EndTime "14:55:30 PDT"]
[Termination "OparinGrigoriy won by resignation"]

1. Nc3 c5 2. e4 d6 3. Nf3 Nf6 4. a4 Nc6 5. Bb5 e5 6. O-O g6 7. Nd5 Nxd5 8. exd5 a6 9. Bxc6+ bxc6 10. dxc6 Bg7 11. Re1 O-O 12. c3 Bf5 13. d4 e4 14.
Nd2 cxd4 15. Nxe4 d5 16. Ng3 dxc3 17. Nxf5 gxf5 18. bxc3 Bxc3 19. Bh6 Qf6 20. Bxf8 Rxf8 21. Rc1 Bxe1 22. Qxe1 Rc8 23. h3 Kg7 24. Rc5 Rxc6 25. Rxd5 f4 26. Qe4 Re6 27. Qf3 Qa1+ 28. Kh2 Qxa4 29.
Qc3+ Kg6 30. h4 h6 31. Qh8 1-0

[Event "Late-Titled-Tuesday-Blitz-April-30-2024"]
[Site "Chess.com"]
[Date "2024.04.30"]
[Round "5"]
[White "margarita_2703"]
[Black "mortngabriel"]
[Result "1-0"]
[WhiteElo "2330"]
[BlackElo "2501"]
[TimeControl "180+1"]
[EndTime "14:55:32 PDT"]
[Termination "margarita_2703 won by resignation"]

1. e4 c5 2. Nf3 a6 3. c3 d5 4.
exd5 Qxd5 5. d4 e6 6. Be3 Nd7 7. c4 Qd6 8. dxc5 Qxd1+ 9. Kxd1 Bxc5 10. Bxc5 Nxc5 11. Nc3 Nf6 12. Kc1 b6 13. Nd2 Bb7 14. f3 Ke7 15. Kc2 Rhd8 16. Nb3 Nxb3 17. axb3 Rd6 18.
Bd3 Rad8 19. Rhd1 g5 20. Be2 h5 21. Rxd6 Rxd6 22. h3 h4 23. Bd3 Rd4 24. Ne4 Nxe4 25. Bxe4 Bxe4+ 26. fxe4 a5 27. Re1 e5 28. Kc3 Kf6 29.
b4 axb4+ 30. Kxb4 Rd2 31. Rf1+ Ke6 32. Rb1 Rxg2 33. Kb5 g4 34. hxg4 h3 35. b4 Rxg4 36. Kxb6 Rxe4 37. c5 f5 38. b5 f4 39. c6 f3 40. Kc7 f2 41. Rf1 Rf4 42. b6 e4 43.
b7 Rf8 44. b8=Q Rxb8 45. Kxb8 e3 46. c7 e2 47. c8=Q+ 1-0

[Event "Late-Titled-Tuesday-Blitz-April-30-2024"]
[Site "Chess.com"]
[Date "2024.04.30"]
[Round "5"]
[White "only_strong_moves"]
[Black "FairChess_on_YouTube"]
[Result "0-1"]
[WhiteElo "2726"]
[BlackElo "3087"]
[TimeControl "180+1"]
[EndTime "14:55:41 PDT"]
[Termination "FairChess_on_YouTube won by resignation"]

1. d4 Nf6 2. c4 g6 3. Nc3 Bg7 4. e4 O-O 5. Nf3 d6 6. Be2 Bg4 7. O-O Nc6 8. Be3 Bxf3 9. Bxf3 e5 10. d5 Nd4 11. Bxd4 exd4 12. Qxd4 Nd7 13. Qd2 Qh4 14. g3 Ne5 15. Bg2 Qh5 16. Qc2 a6 17. Ne2 Nf3+ 18. Bxf3 Qxf3 19. Nf4 Rae8 20. Rae1 Re7 21. h3 Bd4 22. Qd3 Qxd3 23. Nxd3 Rfe8 24. b3 Kg7 25. Kg2 Rxe4 26. Rxe4 Rxe4 27. Re1 Rxe1 28. Nxe1 f5 29. Nd3 g5 30. f4 g4 31. hxg4 fxg4 32. Nc1 Kf6 33. Ne2 Ba7 34. Nc3 Kf5 35. Kf1 h5 36.
Ke2 Bd4 37. Nd1 h4 38. gxh4 Kxf4 39. Nf2 g3 40. Nh3+ Kg4 41. Ng5 g2 42. Nf3 g1=Q 43.
Nxg1 Bxg1 0-1

[Event "Late-Titled-Tuesday-Blitz-April-30-2024"]
[Site "Chess.com"]
[Date "2024.04.30"]
[Round "5"]
[White "HonzaVykouk"]
[Black "english_player_89"]
[Result "1-0"]
[WhiteElo "2759"]
[BlackElo "2538"]
[TimeControl "180+1"]
[EndTime "14:55:41 PDT"]
[Termination "HonzaVykouk won by resignation"]

1. c4 e5 2. d3 Nf6 3. Nf3 Nc6 4. a3 e4 5. dxe4 Nxe4 6. Nbd2 Nxd2 7. Bxd2 Be7 8. e3 Bf6 9. Qc2 O-O 10. Bd3 g6 11. h4 d6 12. h5 Qe8 13. hxg6 fxg6 14. O-O-O Bg4 15. Kb1 a5 16. Rh2 Rd8 17. Rdh1 Rd7 18.
Bc3 Bxc3 19. Qxc3 Ne5 20. Nxe5 Qxe5 21. Qc2 Bf5 22. e4 Be6 23. g3 Rg7 24. f4 Qd4 25. Ka1 Bg4 26. f5 Bf3 27. Rf1 Qe3 28. Rhf2 Bg4 29. fxg6 Rxf2 30. gxh7+ Rxh7 31. Rxf2 Rh1+ 32. Ka2 Be6 33. e5 d5 34. Bf5 Bf7 35. e6 Bxe6 36.
Bxe6+ Qxe6 37. Qd2 Qg6 38. Qxd5+ Kh7 39. Qxh1+ 1-0

[Event "Late-Titled-Tuesday-Blitz-April-30-2024"]
[Site "Chess.com"]
[Date "2024.04.30"]
[Round "5"]
[White "rionelG"]
[Black "Blampman"]
[Result "0-1"]
[WhiteElo "2278"]
[BlackElo "2432"]
[TimeControl "180+1"]
[EndTime "14:55:44 PDT"]
[Termination "Blampman won on time"]

1. e4 c5 2. g3 d5 3. exd5 Qxd5 4.
Nf3 Nc6 5. Bg2 Bg4 6. O-O Nf6 7. h3 Bh5 8. Re1 Qd7 9. d3 e6 10. Nc3 Be7 11. Bf4 O-O 12. g4 Bg6 13. Ne5 Nxe5 14.
Bxe5 Rad8 15. Qf3 b6 16. a4 Nd5 17. a5 b5 18. Nxd5 exd5 19. c3 Rfe8 20. d4 c4 21. a6 b4 22. Bg3 f6 23. Qf4 Bf7 24. Qc7 Qxc7 25. Bxc7 Rc8 26. Bg3 b3 27. Re3 Rc6 28.
h4 Kf8 29. Ra5 Bd6 30. Bxd5 Bxd5 31. Rxe8+ Kxe8 32. Rxd5 Bxg3 33. fxg3 Rxa6 34. Rc5 Ra2 35. Rxc4 Rxb2 36. Rb4 a5 37. Rb7 a4 38. Ra7 Ra2 39.
c4 b2 40. Rb7 Ra1+ 41. Kg2 b1=Q 0-1

[Event "Late-Titled-Tuesday-Blitz-April-30-2024"]
[Site "Chess.com"]
[Date "2024.04.30"]
[Round "5"]
[White "conformalfunction"]
[Black "miraitrunks"]
[Result "1-0"]
[WhiteElo "2410"]
[BlackElo "2240"]
[TimeControl "180+1"]
[EndTime "14:55:44 PDT"]
[Termination "conformalfunction won by resignation"]

1. d4 d5 2. Nf3 Nf6 3. c4 Bf5 4. Qb3 Nc6 5. Nc3 e6 6. cxd5 exd5 7. a3 Bd6 8. Bg5 Na5 9. Qa4+ c6 10. Bxf6 gxf6 11. e3 b5 12. Qd1 Qe7 13. Bd3 Bg6 14.
O-O Nc4 15. Rb1 O-O-O 16. Re1 f5 17. a4 a6 18. axb5 cxb5 19. b3 Na3 20. Ra1 Kb7 21.
Nxd5 Bxh2+ 22. Nxh2 Rxd5 23. Qf3 Rd8 24. Rec1 Kb6 25.
Qf4 b4 26. Nf3 f6 27. Nd2 Qd6 28. Qf3 f4 29. Bxg6 hxg6 30. Nc4+ Nxc4 31. Rxc4 fxe3 32.
fxe3 Rh5 33. Rc6+ Qxc6 34. Rxa6+ Kxa6 35. Qxc6+ Ka7 36. Qc7+ 1-0

[Event "Late-Titled-Tuesday-Blitz-April-30-2024"]
[Site "Chess.com"]
[Date "2024.04.30"]
[Round "5"]
[White "azikom"]
[Black "ritanovikova"]
[Result "1-0"]
[WhiteElo "2715"]
[BlackElo "2175"]
[TimeControl "180+1"]
[EndTime "14:55:50 PDT"]
[Termination "azikom won on time"]

1. e4 d5 2. exd5 Qxd5 3. Nc3 Qd6 4. Bc4 c6 5. d3 Nf6 6. Nge2 Bg4 7. f3 Bf5 8. O-O e6 9. Ng3 Qc5+ 10. Kh1 Bg6 11. f4 h5 12. f5 Bxf5 13. Nxf5 exf5 14. Qf3 g6 15. Re1+ Be7 16. Qe2 Nbd7 17. Bg5 Kf8 18.
b4 Qd6 19. Bf4 Qxb4 20. Rab1 Qc5 21. Na4 Qa3 22. Rb3 Qb4 23. Rxb4 Bxb4 24. c3 Re8 25. Qd2 Rxe1+ 26. Qxe1 Be7 27. Bb3 1-0

[Event "Late-Titled-Tuesday-Blitz-April-30-2024"]
[Site "Chess.com"]
[Date "2024.04.30"]
[Round "5"]
[White "ganzy"]
[Black "Moltini"]
[Result "0-1"]
[WhiteElo "2285"]
[BlackElo "2490"]
[TimeControl "180+1"]
[EndTime "14:55:51 PDT"]
[Termination "Moltini won by resignation"]

1. e4 c5 2. Nf3 d6 3. d4 cxd4 4. Nxd4 Nf6 5. Nc3 a6 6. Be2 e5 7. Nb3 Be7 8. f4 O-O 9. O-O b5 10. Bf3 Bb7 11. a3 Nbd7 12. g4 exf4 13. Bxf4 Ne5 14.
g5 Nfd7 15. h4 Rc8 16. Bg2 Nb6 17. Nd4 Nbc4 18. Nf5 Nxb2 19. Qe1 Ng6 20. Bc1 Nc4 21.
h5 Nge5 22. Qg3 g6 23. Nh6+ Kg7 24. Bh3 a5 25. Bxc8 Bxc8 26. Nd5 Bb7 27. Nxe7 Qxe7 28. Bf4 Qe6 29. Rae1 b4 30. axb4 axb4 31. Bxe5+ Qxe5 32.
Qxe5+ Nxe5 33. hxg6 hxg6 34. Rf6 Rc8 35. Ref1 Rc7 36.
Rxd6 Rxc2 37. Rb6 Bxe4 38. Rf4 Nf3+ 39. Rxf3 Bxf3 40. Rxb4 Rg2+ 41. Kf1 Rxg5 42. Rh4 Bh5 0-1